 Dungeon Crawl Stone Soup version 0.17-a0-1430-g49fde19 (webtiles) character file.

3441 pulse the Cleaver (level 10, -21/114 HPs)
             Began as a Formicid Fighter on June 25, 2015.
             Was a Believer of Qazlal.
             Demolished by a hill giant
             ... wielding a +0 giant club
              (35 damage)
             ... on level 8 of the Dungeon.
             The game lasted 00:26:25 (7062 turns).

pulse the Cleaver (Formicid Fighter)                Turns: 7062, Time: 00:26:26

Health: -21/114    AC: 25    Str: 26    XL:     10   Next: 26%
Magic:  19/19      EV:  2    Int: 12    God:    Qazlal [**....]
Gold:   459        SH: 13    Dex: 10    Spells: 0 memorised, 9 levels left

rFire  . . .     SeeInvis .     a - +1 war axe
rCold  . . .     Clarity  +     (armour currently unavailable)
rNeg   + + +     SustAt   .     c - +0 shield
rPois  +         Gourm    .     (helmet unavailable)
rElec  .         Spirit   .     (cloak currently unavailable)
rCorr  .         Warding  .     (gloves currently unavailable)
rMut   .         Stasis   +     (boots currently unavailable)
MR     +....                    r - amulet of faith
Stlth  +.........               h - ring of magical power
                                d - +4 ring of intelligence

@: tree-form, drained, somewhat resistant to hostile enchantments, very
unstealthy
A: permanent stasis, dig shafts and tunnels, four strong arms, (antennae 0),
clarity, strong 1
a: Upheaval, Renounce Religion


You were on level 8 of the Dungeon.
You worshipped Qazlal.
Qazlal was pleased with you.
You were not hungry.
You were a tree.
You visited 2 branches of the dungeon, and saw 10 of its levels.

You collected 459 gold pieces.

Inventory:

Hand weapons
 a - a +1 war axe (weapon)
Missiles
 y - a throwing net (quivered)
Armour
 b - a +0 cloak (melded)
 c - a +0 shield (worn)
 k - a +0 plate armour (melded)
 n - a +0 pair of boots (melded)
Jewellery
 d - a +4 ring of intelligence (left branch)
 h - a ring of magical power (right branch)
 r - an amulet of faith (around neck)
Magical devices
 x - a wand of flame (5)
 B - a wand of confusion (11)
Scrolls
 f - 7 scrolls of identify
 g - 3 scrolls of remove curse
 j - 2 scrolls of recharging
 m - a scroll of amnesia
 o - a scroll of vulnerability {unknown}
 u - a scroll of noise {unknown}
 z - a scroll of enchant weapon
 C - a scroll of summoning {unknown}
Potions
 i - a potion of agility
 l - a potion of lignification
 q - 2 potions of cancellation
 t - a potion of magic
 v - a potion of curing
Comestibles
 e - 4 bread rations
 p - 2 meat rations
 w - 2 beef jerkies
 A - a chunk of flesh


   Skills:
 + Level 5.9(5.4) Fighting
 + Level 10.7(10.1) Axes
 + Level 6.8(6.2) Armour
 + Level 7.8(7.2) Shields


You had 9 spell levels left.
You didn't know any spells.

Dungeon Overview and Level Annotations

Branches:
Dungeon (9/15)             Temple (1/1) D:6            Lair (0/8) D:8
    Orc: D:9-12

Altars:
Ashenzari
Cheibriados
Dithmenos
Elyvilon
Fedhas
Gozag
Kikubaaqudgha
Makhleb
Nemelex Xobeh
Okawaru
Qazlal
Ru
Sif Muna
Trog
Vehumet
Xom
Yredelemnul
Zin
The Shining One

Shops:
D:6 :   D:7 *


Innate Abilities, Weirdness & Mutations

You are under a permanent stasis effect.
You can dig through walls and to a lower floor.
Your four strong arms can wield two-handed weapons with a shield.
((You have a pair of large antennae on your head (SInv).))
You possess an exceptional clarity of mind.
Your muscles are strong. (Str +2)


Message History

You block the wight's attack. The wight hits you but does no damage.
You are too injured to fight recklessly!
Unknown command.
You turn into a tree.
Your +0 cloak melds into your body.
Your +0 pair of boots melds into your body.
Your +0 plate armour melds into your body.
Your roots penetrate the ground.
You block the hill giant's attack. The wight hits you but does no damage.
You feel better. You block the wight's attack.
The hill giant hits you with a giant club!!
* * * LOW HITPOINT WARNING * * *
You slash the hill giant!
The hill giant is heavily wounded.
You hit the wight.
The wight is almost destroyed.
You hit the wight.
The wight is moderately damaged.
You block the wight's attack. The wight hits you but does no damage.
The hill giant hits you with a giant club!!
You die...

#†#
#.####.####........
#≈# #.# #.#
#..###... #.####.#
#.####......#.
#......#
#.............
#####..#
#..#######.#..
#..####..# #.#..
#........# #.##.
#.#Cz....# #....
#.#♣####.# #####.##.
#.#z## #.###...#.##.
#....###.##.###.....
#...........# #.....
##(..###....###.....
##.####.###...#.##.
#(###...##..##....
#.##.....#..##....
#.#.........#.....


You could see a hill giant and 2 wights.

Vanquished Creatures
  Grum (D:8)
  Menkaure (D:6)
  A water moccasin (D:6)
  2 wolves (D:8)
  A sky beast (D:8)
  An eye of draining (D:8)
  3 centaurs
  2 ogres
  An ice beast (D:8)
  2 phantoms
  The ghost of urechis the Sneak, an average VSMo (D:3)
  6 giant frogs
  2 scorpions
  3 killer bees (D:4)
  A wight (D:8)
  A centaur zombie (D:6)
  2 giant frog zombies
  3 orc priests (D:6)
  A jelly (D:5)
  5 orc wizards
  A centaur skeleton (D:4)
  Crazy Yiuf (D:2)
  2 crimson imps
  3 giant frog skeletons
  2 hounds
  A quasit (D:8)
  5 worker ants
  Terence (D:2)
  2 iguanas (D:6)
  10 gnolls
  5 adders
  A shadow imp (D:5)
  An ooze (D:3)
  3 worms
  2 adder skeletons
  An adder zombie (D:6)
  8 giant geckos
  34 orcs
  4 ball pythons
  15 bats
  8 giant cockroaches
  15 goblins
  13 hobgoblins
  15 jackals
  16 kobolds
  2 quokkas (D:3)
  6 giant newts
  A jackal skeleton (D:6)
  A jackal zombie (D:7)
  14 rats
233 creatures vanquished.

Notes
Turn   | Place    | Note
--------------------------------------------------------------
     0 | D:1      | pulse the Formicid Fighter began the quest for the Orb.
     0 | D:1      | Reached XP level 1. HP: 18/18 MP: 1/1
    68 | D:1      | Reached XP level 2. HP: 20/24 MP: 2/2
   306 | D:1      | Reached XP level 3. HP: 26/29 MP: 3/3
   437 | D:2      | Found a blossoming altar of Fedhas.
   437 | D:2      | Found an opulent altar of Gozag.
   758 | D:2      | Reached XP level 4. HP: 33/35 MP: 4/4
   807 | D:2      | Noticed Terence
   810 | D:2      | Killed Terence
   810 | D:2      | Reached skill level 4 in Axes
   927 | D:2      | Noticed Crazy Yiuf
   949 | D:2      | Killed Crazy Yiuf
   949 | D:2      | Reached skill level 5 in Axes
   949 | D:2      | Reached XP level 5. HP: 23/41 MP: 5/5
  1221 | D:3      | Noticed urechis's ghost (average VSMo)
  1242 | D:3      | Killed urechis's ghost
  1242 | D:3      | Reached XP level 6. HP: 38/47 MP: 6/6
  1435 | D:3      | Reached skill level 6 in Axes
  1952 | D:3      | Found a bloodstained altar of Trog.
  1952 | D:3      | Found an iron altar of Okawaru.
  2400 | D:4      | Gained mutation: You possess an exceptional clarity of mind. [potion of beneficial mutation]
  2401 | D:4      | Gained mutation: Your muscles are strong. (Str +2) [potion of beneficial mutation]
  2480 | D:4      | Reached XP level 7. HP: 52/52 MP: 7/7
  2554 | D:4      | Got a translucent falchion
  2564 | D:4      | Identified the cursed +1 falchion "Kesygg" {pain, MR+} (You found it on level 4 of the Dungeon)
  2726 | D:4      | Found a glowing golden altar of the Shining One.
  2894 | D:4      | Reached skill level 7 in Axes
  3020 | D:4      | Reached XP level 8. HP: 34/60 MP: 8/8
  3268 | D:5      | Entered Level 5 of the Dungeon
  3275 | D:5      | Reached skill level 5 in Shields
  3291 | D:5      | Found a deep blue altar of Sif Muna.
  3447 | D:5      | Found a shadowy altar of Dithmenos.
  4430 | D:6      | Reached skill level 8 in Axes
  4440 | D:6      | Found a staircase to the Ecumenical Temple.
  4466 | Temple   | Entered the Ecumenical Temple
  4817 | D:6      | Noticed Menkaure
  4825 | D:6      | Killed Menkaure
  4825 | D:6      | Reached skill level 5 in Armour
  4825 | D:6      | Reached XP level 9. HP: 32/67 MP: 9/9
  5073 | D:6      | Found Ystic's Book Shop.
  5101 | D:6      | Found a white marble altar of Elyvilon.
  5158 | D:6      | Reached skill level 5 in Fighting
  5158 | D:6      | Reached skill level 9 in Axes
  5177 | D:6      | Found a sacrificial altar of Ru.
  5428 | D:6      | Found a basalt altar of Yredelemnul.
  5661 | D:6      | Found a stormy altar of Qazlal.
  5722 | D:6      | Became a worshipper of Qazlal Stormbringer
  5951 | D:7      | Found a shimmering altar of Xom.
  5951 | D:7      | Found a shattered altar of Ashenzari.
  6060 | D:7      | Found Gozag's Platinum Reserve.
  6274 | D:7      | Found an opulent altar of Gozag.
  6483 | D:8      | Acquired Qazlal's first power
  6492 | D:8      | Found a staircase to the Lair.
  6526 | D:8      | Noticed Grum
  6542 | D:8      | Reached skill level 10 in Axes
  6548 | D:8      | Reached XP level 10. HP: 43/74 MP: 10/10
  6555 | D:8      | Killed Grum
  6844 | D:8      | Found an ancient bone altar of Kikubaaqudgha.
  7028 | D:9      | Noticed a hill giant
  7038 | D:8      | Acquired Qazlal's second power
  7062 | D:8      | Demolished by a hill giant

Vault maps used:
D:1:      saegor_arrival_simple_e
D:2:      grunt_temple_overflow_open, uniq_terence, uniq_crazy_yiuf_cottage
D:3:      gammafunk_temple_overflow_elements
D:4:      kennysheep_little_box, first_bread
D:5:      lemuel_doored_altar, lemuel_round_altar
D:6:      grunt_qazlal_sundering, nicolae_ru_sacrificial_ziggurat,
          elyvilon_altar_5, lemuel_round_altar,
          minmay_temple_entry_statues_fountains, serial_shops, shop,
          hangedman_decor_riveting, uniq_menkaure
D:7:      gammafunk_temple_overflow_wave, nicolae_gozag_zags_fifth_avenue
D:8:      nicolae_overflow_crystal_walls, lair_0_dummy, uniq_grum
Temple:   nicolae_temple_hex_pool_5

Action                   |  1- 3 |  4- 6 |  7- 9 | 10-12 || total
-------------------------+-------+-------+-------+-------++-------
Melee: War axe           |    96 |   156 |   430 |    74 ||   756
  Use: Scroll            |       |     9 |     7 |       ||    16
       Potion            |       |     4 |     3 |     2 ||     9
  Eat: Bread ration      |       |     1 |       |       ||     1
       Chunk             |       |     1 |     7 |     2 ||    10
       Meat ration       |       |       |     1 |       ||     1
       Beef jerky        |       |       |     1 |       ||     1
